 Seeded DCSS version 0.30-a0-1163-gf69bf04e7a (webtiles) character file.

Game seed: 3425090202442293766 (custom seed)

739 Ihaveafatcat the Cleaver (level 7, -9/61 HPs)
             Began as a Hill Orc Fighter on Apr 29, 2023.
             Mangled by a gnoll
             ... wielding a +0 halberd
             ... led by a gnoll bouda
              (10 damage)
             ... on level 5 of the Dungeon.
             The game lasted 00:07:14 (3682 turns).

Ihaveafatcat the Cleaver (Hill Orc Fighter)         Turns: 3682, Time: 00:07:15

Health: -9/61      AC:  7    Str: 21    XL:     7   Next: 75%
Magic:  0/7        EV:  9    Int:  8    God:
Gold:   127        SH:  4    Dex: 10    Spells: 6/6 levels left

rFire   . . .        a - +0 war axe
rCold   . . .        c - +0 buckler
rNeg    . . .        b - +0 scale mail
rPois   .            (no helmet)
rElec   .            (no cloak)
rCorr   .            (no gloves)
SInv    +            (no boots)
Will    .....        l - amulet of guardian spirit Stlth
                     f - ring of see invisible
HPRegen 0.30/turn    (no ring)
MPRegen 0.10/turn

%: guardian spirit
@: mighty, studying 2 skills
A: no striking features
a: no special abilities


You were on level 5 of the Dungeon.
You visited 1 branch of the dungeon, and saw 5 of its levels.

You collected 183 gold pieces.
You spent 56 gold pieces at shops.

Inventory:

Hand Weapons
 a - a +0 war axe (weapon)
Missiles
 n - 19 poisoned darts (quivered)
Armour
 b - a +0 scale mail (worn)
 c - a +0 buckler (worn)
Jewellery
 f - a ring of see invisible (left hand)
 l - an amulet of guardian spirit (around neck)
 y - the ring "Gafeyb" {rElec rPois rN+ rCorr}
   (You found it on level 4 of the Dungeon)

   [ring of poison resistance]

   rElec:     It insulates you from electricity.
   rPois:     It protects you from poison.
   rN:        It protects you from negative energy.
   rCorr:     It protects you from acid and corrosion.
Wands
 x - a wand of iceblast (6)
Scrolls
 e - a scroll of immolation {unknown}
 g - a scroll of blinking {unknown}
 h - 2 scrolls of noise {unknown}
 i - 7 scrolls of identify
 j - a scroll of enchant armour {unknown}
 o - a scroll of enchant weapon {unknown}
 p - 2 scrolls of teleportation {unknown}
 A - a scroll of vulnerability {unknown}
Potions
 k - a potion of degeneration {unknown}
 m - a potion of resistance {unknown}
 q - 3 potions of curing {unknown}
 r - a potion of flight {unknown}
 s - a potion of brilliance {unknown}
 t - 3 potions of mutation {unknown}
 u - a potion of ambrosia {unknown}
 v - a potion of haste {unknown}
 w - a potion of attraction {unknown}
 z - a potion of invisibility


   Skills:
 + Level 5.2 Fighting
 * Level 11.4 Axes
 + Level 5.1 Armour
 + Level 1.2 Dodging
 + Level 4.5 Shields


You had 6 spell levels left.
You didn't know any spells.
Your spell library contained the following spells:

 Spells                   Type           Power      Damage    Failure   Level
 Blink                    Tloc           0%         N/A       91%         2
 Ensorcelled Hibernation  Hex/Ice        0%         N/A       91%         2
 Passwall                 Tmut/Erth      0%         N/A       91%         2
 Sublimation of Blood     Necr           0%         N/A       91%         2
 Swiftness                Air            0%         N/A       99%         3
 Manifold Assault         Tloc           0%         N/A       100%        4
 Petrify                  Tmut/Erth      0%         N/A       100%        4
 Irradiate                Conj/Tmut      0%         3d11      100%        5
 Storm Form               Tmut/Air       0%         N/A       100%        7


Dungeon Overview and Level Annotations

Branches:
Dungeon (5/15)
 Temple: D:4-7

Altars:
Elyvilon
Wu Jian
Yredelemnul
The Shining One

Shops:
D:2 *?


Message History

You kill the gnoll bouda!
You closely miss the gnoll. You slash the scorpion!
The gnoll hits you with a +0 club.
* * * LOW HITPOINT WARNING * * *
The gnoll hits you but does no damage.
The gnoll hits you from afar with a +0 halberd.
* * * LOW HITPOINT WARNING * * *
You block the scorpion's attack.
Your Axes skill increases to level 11!
Your Armour skill increases to level 5!
The gnoll hits you with a +0 club.
* * * LOW HITPOINT WARNING * * *
The gnoll hits you from afar with a +0 halberd.
* * * LOW HITPOINT WARNING * * *
Things that are here:
a +0 whip; a +0 leather armour; a gnoll corpse You closely miss the gnoll.
The gnoll is lightly wounded.
You slash the gnoll! You slash the scorpion!
You kill the scorpion!
You block the gnoll's attack. The gnoll closely misses you.
The gnoll hits you but does no damage.
You slash the gnoll!
The gnoll is almost dead.
You hit the gnoll but do no damage. You barely miss the gnoll.
The gnoll hits you but does no damage. The gnoll barely misses you.
The gnoll hits you with a +0 club.
* * * LOW HITPOINT WARNING * * *
You block the gnoll's attack.
You slice the gnoll!!
You kill the gnoll!
You hit the gnoll but do no damage. You barely miss the gnoll.
The gnoll hits you with a +0 club.
* * * LOW HITPOINT WARNING * * *
The gnoll barely misses you. You block the gnoll's attack.
You slice the gnoll!!
You kill the gnoll!
You slash the gnoll!
You kill the gnoll!
The gnoll hits you from afar with a +0 halberd!
You die...

.# .# .# ..##.
##.# #... .#..#
###.<##...#
#........#
#...))g.##<.
####..!@).....#
#......)##.####
#.##.....#
#..#...#.# #
#..####.#...
##..###..#
##.<....#
#####....#
#.#..


You could see a gnoll (swift).

Vanquished Creatures
  Sigmund (D:3)
  The ghost of superbruh the Covered, an amateur MiFi (D:3)
  An ogre (D:4)
  A scorpion (D:5)
  A gnoll bouda (D:5)
  Ijyb (D:3)
  Natasha (thrice) (D:3)
  2 orc wizards (D:3)
  4 gnolls (D:5)
  4 adders
  A shadow imp (D:3)
  A worm (D:3)
  3 dart slugs
  16 orcs
  8 ball pythons
  6 bats
  7 endoplasms
  3 giant cockroaches
  6 goblins
  15 hobgoblins
  6 jackals
  6 kobolds
  3 quokkas (D:2)
  3 frilled lizards (D:1)
  8 rats
111 creatures vanquished.

Notes
Turn   | Place    | Note
-------+----------+-------------------------------------------
     0 | D:1      | Ihaveafatcat the Hill Orc Fighter began the quest for the
                  | Orb.
     0 | D:1      | Reached XP level 1. HP: 19/19 MP: 1/1
   124 | D:1      | Reached XP level 2. HP: 27/27 MP: 2/2
   130 | D:1      | Reached skill level 3 in Axes
   504 | D:1      | Found a faded altar of an unknown god.
   579 | D:1      | Reached XP level 3. HP: 33/33 MP: 3/3
   595 | D:1      | Identified 2 scrolls of acquirement
   595 | D:1      | Acquired a manual of Axes
   597 | D:1      | Acquired a manual of Shields
   622 | D:2      | Found Acryupse's Magic Scroll Emporium.
   646 | D:2      | Bought a scroll of identify for 28 gold pieces
   646 | D:2      | Bought a scroll of identify for 28 gold pieces
   648 | D:2      | Found Ifri's Assorted Antiques.
   861 | D:2      | Reached skill level 4 in Axes
  1221 | D:2      | Reached XP level 4. HP: 39/40 MP: 4/4
  1491 | D:3      | Noticed Sigmund
  1501 | D:3      | Killed Sigmund
  1502 | D:3      | Reached skill level 7 in Axes
  1502 | D:3      | Reached XP level 5. HP: 32/47 MP: 3/5
  1602 | D:3      | Reached XP level 6. HP: 50/53 MP: 6/6
  1637 | D:3      | Found a runed translucent door.
  1649 | D:3      | Reached skill level 8 in Axes
  1690 | D:3      | Noticed Natasha
  1696 | D:3      | Killed Natasha
  1931 | D:3      | Noticed Ijyb
  1937 | D:3      | Killed Ijyb
  1942 | D:3      | Reached skill level 9 in Axes
  2136 | D:3      | Noticed superbruh's ghost (amateur MiFi)
  2157 | D:3      | Killed superbruh's ghost
  2158 | D:3      | Reached skill level 10 in Axes
  2158 | D:3      | Reached skill level 1 in Dodging
  2158 | D:3      | Reached XP level 7. HP: 34/60 MP: 2/7
  2202 | D:3      | Noticed Natasha
  2221 | D:3      | Killed Natasha
  2335 | D:3      | Noticed Natasha
  2356 | D:3      | Killed Natasha
  2525 | D:4      | Identified the ring "Gafeyb" {rElec rPois rN+ rCorr}
  2528 | D:4      | Identified the +1 pair of gloves of Pessimism {Drain rElec
                  | rN+ Int+4}
  2605 | D:4      | Found a glowing golden altar of the Shining One.
  2643 | D:4      | Reached skill level 5 in Fighting
  2855 | D:4      | Found a basalt altar of Yredelemnul.
  2856 | D:4      | Found an ornate altar of the Wu Jian Council.
  2857 | D:4      | Found a white marble altar of Elyvilon.
  3661 | D:5      | Entered Level 5 of the Dungeon
  3678 | D:5      | Reached skill level 11 in Axes
  3678 | D:5      | Reached skill level 5 in Armour
  3681 | D:5      | HP: 1/61 [gnoll/+0 club[a gnoll bouda] (4)]
  3682 | D:5      | Mangled by a gnoll

Illustrated notes

Levels and vault maps discovered:
D:1:      minmay_arrival_loop, layout_basic, ebering_ecumenical_altar_webs,
          moated_statue, minmay_tetromino_s2
D:2:      minmay_angry_zag, layout_basic, serial_shops, shop_statue,
          nicolae_shop_overgrown_old_shop
D:3:      corexii_shack_village, layout_rooms, ebering_ghost_reflecting_pool,
          kennysheep_generic_room_13, uniq_ijyb, uniq_sigmund, uniq_natasha
D:4:      layout_layer_cave, nicolae_overflow_hidden_temple, tso_metal_star,
          chequers_serial_rivers_large_a
D:5:      layout_rooms, nicolae_overflow_crystal_walls,
          minmay_temple_entry_arrows

Skill      XL: |  1  2  3  4  5  6  7 |
---------------+----------------------+-----
Axes           | 3 4 7 10 11 | 11.4
Fighting       | 4 5 |  5.2
Armour         | 4 5 |  5.1
Shields        | 4 |  4.5
Dodging        | 1 |  1.2

Action                     |  1- 3 |  4- 6 |  7- 9 || total
---------------------------+-------+-------+-------++-------
  Melee: War axe           |   108 |   102 |    97 ||   307
    Use: Scroll            |     2 |       |       ||     2
         Potion            |       |       |     1 ||     1
 Armour: Scale mail        |    68 |    35 |    44 ||   147
  Dodge: Dodged            |    42 |    33 |    58 ||   133
  Block: Buckler           |    28 |    28 |    30 ||    86

Table legend: (Time is in decaauts)
 A = Elapsed time spent in this place.
 B = Non-inter-level travel time spent in this place.
 C = Inter-level travel time spent in this place.
 D = Time resting spent in this place.
 E = Time spent auto-exploring this place.
 F = Levels seen in this place.
 G = Mean time per level.
                   A        B        C        D        E       F      G
               +--------+--------+--------+--------+--------+-----+--------+
         Total |   3771 |   3737 |     34 |    274 |   2734 |   5 |  754.2 |
       Dungeon |   3771 |   3737 |     34 |    274 |   2734 |   5 |  754.2 |
               +--------+--------+--------+--------+--------+-----+--------+

Top non-repeatable levels by time:
     D:4: 1195 daAuts
     D:3: 1044 daAuts
     D:2: 888 daAuts
     D:1: 622 daAuts
     D:5: 20 daAuts
